 Dungeon Crawl Stone Soup version 0.31-a0-963-ga325b2283a (webtiles) character file.

Game seed: 7662224459470308063

1621 Gladio the Cudgeller (level 8, -2/65 HPs)
             Began as a Barachi Fighter on Oct 25, 2023.
             Was a Follower of Cheibriados.
             Killed by divine providence
             ... invoked by Jeremiah
              (7 damage)
             ... on level 6 of the Dungeon.
             The game lasted 00:07:56 (5235 turns).

Gladio the Cudgeller (Barachi Fighter)              Turns: 5235, Time: 00:07:59

Health: -2/65      AC: 16    Str: 23    XL:     8   Next: 96%
Magic:  6/8        EV:  6    Int: 11    God:    Cheibriados [*.....]
Gold:   291        SH:  6    Dex: 15    Spells: 7/7 levels left

rFire   . . .        a - +0 flail
rCold   . . .        c - +0 buckler
rNeg    . . .        u - +0 plate armour
rPois   .            p - +1 helmet
rElec   .            n - +0 cloak
rCorr   .            (no gloves)
SInv    .            (no boots)
Will    .....        (no amulet) Stlth
                     (no ring)
HPRegen 0.30/turn    (no ring)
MPRegen 0.11/turn

%: no passive effects
@: weakened, unable to hop, very slow
A: amphibious, slowness 1, strong legs 1, +LOS
a: Hop, Renounce Religion, Bend Time


You were on level 6 of the Dungeon.
You worshipped Cheibriados.
Cheibriados was aware of your devotion.
You visited 2 branches of the dungeon, and saw 7 of its levels.

You collected 291 gold pieces.

Inventory:

Hand Weapons
 a - a +0 flail (weapon)
Missiles
 r - 8 boomerangs
 w - 4 javelins
Armour
 b - a +0 scale mail
 c - a +0 buckler (worn)
 k - a +0 helmet
 n - a +0 cloak (worn)
 o - a +2 chain mail of poison resistance
 p - a +1 helmet (worn)
 u - a +0 plate armour (worn)
Jewellery
 x - a ring of wizardry
Wands
 t - a wand of roots (15)
Scrolls
 s - 3 scrolls of vulnerability
Potions
 d - 2 potions of might
 e - 4 potions of brilliance
 f - a potion of degeneration {unknown}
 g - a potion of magic {unknown}
 h - a potion of invisibility {unknown}
 i - a potion of curing
 j - a potion of haste
 m - a potion of heal wounds {unknown}
 q - a potion of berserk rage {unknown}
 v - a potion of enlightenment {unknown}


   Skills:
 + Level 6.9 Fighting
 * Level 7.9 Maces & Flails
 + Level 6.9 Armour
 + Level 6.2 Shields


You had 7 spell levels left.
You didn't know any spells.
Your spell library contained the following spells:

 Spells                   Type           Power      Damage    Failure   Level
 Blink                    Tloc           0%         N/A       100%        2
 Lesser Beckoning         Tloc           0%         N/A       100%        2
 Momentum Strike          Conj/Tloc      0%         3d8       100%        2
 Wereblood                Tmut           0%         N/A       100%        2
 Irradiate                Conj/Tmut      0%         3d11      100%        5
 Summon Forest            Summ/Tloc      0%         N/A       100%        5
 Eringya's Noxious Bog    Tmut/Pois      0%         4d6       100%        6
 Summon Hydra             Summ           0%         N/A       100%        7


Dungeon Overview and Level Annotations

Branches:
Dungeon (6/15)             Temple (1/1) D:4

Altars:
Cheibriados
Dithmenos
Elyvilon
Fedhas
Gozag
Kikubaaqudgha
Makhleb
Nemelex Xobeh
Qazlal
Ru
Sif Muna
Trog
Vehumet
Wu Jian
Xom
Yredelemnul
Zin
The Shining One

Annotations:
D:5 3 runed translucent doors, haldagan's ghost, novice DjSh
D:6 Jeremiah


Innate Abilities, Weirdness & Mutations

You are amphibious.
You cover ground slowly.
You can hop short distances.
You have an extended range of vision and can be seen from far away.


Message History

The black bear claws you.
* * * LOW HITPOINT WARNING * * *
The gnoll bouda hits you but does no damage.
The black bear bites you but does no damage.
The black bear barely misses you. x2
The black bear bites you but does no damage.
The black bear claws you.
* * * LOW HITPOINT WARNING * * *
The black bear claws you but does no damage.
Unknown command.
Hop to where?
Press: ? - help, Dir - move target Boing!
Your attacks no longer feel as feeble.
The black bear barely misses you. The black bear claws you.
* * * LOW HITPOINT WARNING * * *
You block the black bear's attack.
The gnoll bouda gazes fiercely through you!
You feel your attacks grow feeble. You block the black bear's attack.
The black bear claws you but does no damage.
The black bear completely misses you.
The gnoll bouda gazes fiercely through you!
You feel as though you will be weak longer.
The black bear completely misses you.
The black bear claws you but does no damage. x2
You see here 22 gold pieces.
The black bear is no longer berserk.
The scorpion attacks as it pursues you!
The scorpion stings you but does no damage.
You block the black bear's attack.
The black bear claws you but does no damage.
You block the black bear's attack. You block the scorpion's attack.
There is a stone staircase leading up here.
The scorpion stings you but does no damage.
The black bear barely misses you.
The black bear claws you but does no damage. x2
Jeremiah lets out a twisted cry.
Something smites you!
You die...
Jeremiah asks, "Is it over?
Can I wake up now?"

....##....######............##
*...F.#.#########............##
*,F.#.b.#######...............#
*,.####..g#...................#
*,.######.........)..........##
,,.#####bF##########..#†....##
,,.#####..b...########..#####
,,..###..##.b....### ##..##
,,..##..###..gbh@..## ###.###
,,..#..#####...s....#* ##..##
,,.##.######.........#* ##..###
,,.#..#######.........#*
###..##
,,...##.######.........# ##..#
,,..#*,,,** #.........# ##..
,,,***,,,,** ##.......## ###
,,,**,,,,,,* ##......# #
,,,**,,,,,,** ###..### #


You could see Jeremiah, a black bear (slow), a gnoll bouda and a scorpion.

Vanquished Creatures
  Grinder (D:3)
  A black bear (D:5)
  A hornet zombie (D:5)
  2 phantoms (D:5)
  4 scorpions
  A bullfrog (D:5)
  A bullfrog zombie (D:5)
  2 centaur zombies (D:5)
  Crazy Yiuf (D:2)
  2 jellies (D:5)
  3 orc priests
  A bullfrog skeleton (D:5)
  3 hounds (D:5)
  Terence (D:3)
  5 iguanas
  A sleepcap (D:5)
  3 orc wizards
  A hound zombie (D:5)
  Robin (D:2)
  6 adders
  2 shadow imps (D:5)
  An adder skeleton (D:5)
  2 dart slugs (D:1)
  5 orcs
  2 bats
  5 endoplasms
  2 giant cockroaches (D:1)
  10 goblins
  10 hobgoblins
  4 jackals
  2 kobolds
  3 quokkas
  3 ball pythons
  5 frilled lizards
  5 rats
102 creatures vanquished.

Notes
Turn   | Place    | Note
-------+----------+-------------------------------------------
     0 | D:1      | Gladio the Barachi Fighter began the quest for the Orb.
     0 | D:1      | Reached XP level 1. HP: 18/18 MP: 1/1
   126 | D:1      | Reached XP level 2. HP: 22/25 MP: 2/2
   475 | D:1      | Reached XP level 3. HP: 28/30 MP: 3/3
   642 | D:1      | Reached skill level 3 in Maces & Flails
   746 | D:2      | Noticed Robin
   762 | D:2      | Killed Robin
   979 | D:2      | Reached XP level 4. HP: 33/37 MP: 4/4
  1132 | D:2      | Found a runed translucent door.
  1133 | D:2      | Noticed Crazy Yiuf
  1219 | D:2      | Found a shimmering altar of Xom.
  1550 | D:2      | Killed Crazy Yiuf
  1730 | D:3      | Noticed Terence
  1738 | D:3      | Killed Terence
  1739 | D:3      | Reached skill level 4 in Maces & Flails
  1739 | D:3      | Reached XP level 5. HP: 33/43 MP: 5/5
  1873 | D:3      | Noticed Grinder
  1878 | D:3      | Paralysed by Grinder for 4 turns
  1885 | D:3      | Paralysed by Grinder for 5 turns
  1891 | D:3      | Killed Grinder
  1892 | D:3      | Reached XP level 6. HP: 17/50 MP: 6/6
  2165 | D:3      | Found a glowing golden altar of the Shining One.
  2191 | D:3      | Found a blossoming altar of Fedhas.
  2366 | D:3      | Reached skill level 5 in Fighting
  2366 | D:3      | Reached skill level 5 in Maces & Flails
  2366 | D:3      | Reached skill level 5 in Armour
  2811 | D:4      | Reached XP level 7. HP: 36/56 MP: 7/7
  2991 | D:4      | Found a staircase to the Ecumenical Temple.
  3007 | Temple   | Entered the Ecumenical Temple
  3476 | D:4      | Found an ornate altar of the Wu Jian Council.
  3545 | D:4      | Found a snail-covered altar of Cheibriados.
  3549 | D:4      | Became a worshipper of Cheibriados the Contemplative
  3774 | D:5      | Entered Level 5 of the Dungeon
  3809 | D:5      | Reached skill level 5 in Shields
  4001 | D:5      | Reached skill level 6 in Maces & Flails
  4049 | D:5      | HP: 2/57 [orc priest/divine providence (15)]
  4266 | D:5      | Reached XP level 8. HP: 64/64 MP: 8/8
  4287 | D:5      | Reached * piety under Cheibriados
  4408 | D:5      | Found a runed translucent gate.
  4419 | D:5      | Found a runed translucent gate.
  4419 | D:5      | Found a runed translucent gate.
  4438 | D:5      | Reached skill level 7 in Maces & Flails
  4598 | D:5      | Noticed haldagan's ghost (novice DjSh)
  5199 | D:6      | Noticed Jeremiah
  5229 | D:6      | HP: 3/65 [black bear (1)]
  5235 | D:6      | Killed from afar by Jeremiah

Illustrated notes

Levels and vault maps discovered:
D:1:      orjb1_clovarrival, layout_basic
D:2:      layout_loops_ring, basic_altar, minmay_liquid_box,
          serial_bayou_crossing, uniq_robin, uniq_crazy_yiuf_cottage
D:3:      layout_basic, fedhas_altar_3, lemuel_tele_altar, uniq_grinder,
          uniq_terence
D:4:      layout_basic, nicolae_wu_jian_wuxing_cycle,
          mainiacjoe_overflow_brackets, minmay_temple_entry_proselytizer,
          minmay_misc_feat_square, hangedman_decor_push,
          kennysheep_decorative_pillar, minmay_fractal_squares_5
D:5:      layout_loops_ring, gammafunk_ghost_icy, serial_undead,
          serial_undead_a, serial_undead_b, serial_undead_c, serial_undead_d
D:6:      layout_cave_pods, mainiacjoe_overflow_alcove_1, uniq_jeremiah
Temple:   dshaligram_water_room_temple

Skill      XL: |  1  2  3  4  5  6  7  8 |
---------------+-------------------------+-----
Maces & Flails | 3 4 5 6 7 |  7.9
Fighting       | 4 5 6 |  6.9
Armour         | 4 5 6 |  6.9
Shields        | 4 5 6 |  6.2

Action                     |  1- 3 |  4- 6 |  7- 9 || total
---------------------------+-------+-------+-------++-------
  Melee: Flail             |   108 |   109 |   271 ||   488
 Invoke: Bend Time         |       |       |     1 ||     1
Ability: Hop               |     1 |       |     1 ||     2
    Use: Scroll            |       |     5 |     1 ||     6
         Potion            |       |       |     5 ||     5
 Armour: Scale mail        |    89 |    21 |       ||   110
         Chain mail        |       |    95 |   181 ||   276
         Plate armour      |       |       |   142 ||   142
  Dodge: Dodged            |    57 |    45 |   125 ||   227
  Block: Buckler           |    38 |    33 |    69 ||   140

Table legend: (Time is in decaauts)
 A = Elapsed time spent in this place.
 B = Non-inter-level travel time spent in this place.
 C = Inter-level travel time spent in this place.
 D = Time resting spent in this place.
 E = Time spent auto-exploring this place.
 F = Levels seen in this place.
 G = Mean time per level.
                   A        B        C        D        E       F      G
               +--------+--------+--------+--------+--------+-----+--------+
         Total |   6314 |   6018 |    296 |      0 |   4966 |   7 |  902.0 |
       Dungeon |   6264 |   6009 |    255 |      0 |   4966 |   6 | 1044.0 |
        Temple |     49 |      9 |     40 |      0 |      0 |   1 |   49.0 |
               +--------+--------+--------+--------+--------+-----+--------+

Top non-repeatable levels by time:
     D:5: 1585 daAuts
     D:4: 1211 daAuts
     D:3: 1200 daAuts
     D:2: 997 daAuts
     D:1: 964 daAuts
     D:6: 305 daAuts
  Temple: 49 daAuts
